 Dungeon Crawl Stone Soup version 0.30-a0-852-g08b95dd62f (webtiles) character file.

Game seed: 8680880125352355826

81628 themarg the Summoner (level 15, -1/168 HPs)
             Began as a Merfolk Summoner on Mar 3, 2023.
             Was a High Priest of Ashenzari.
             Slain by a meliai
             ... wielding a +0 war axe
              (3 damage)
             ... on level 14 of the Dungeon on Mar 4, 2023.
             The game lasted 01:55:21 (34887 turns).

themarg the Summoner (Merfolk Summoner)            Turns: 34887, Time: 01:55:21

Health: -1/168     AC: 31    Str: 10    XL:     15   Next: 71%
Magic:  10/32      EV:  2    Int: 20    God:    Ashenzari [*****.]
Gold:   2320       SH:  7    Dex: 15    Spells: 9/40 levels left

rFire   . . .      SeeInvis +    D - +0 trident "Jealousy of Ashenzari" {Elem, Comp} (curse)
rCold   . . .      Faith    .    H - +0 buckler of Ashenzari's Hedonism {Self, Fort} (curse)
rNeg    . . .      Spirit   .    U - melded +3 troll leather armour of the Stellar Oracle {Regen+, Fort, Evo} (curse)
rPois   +          Reflect  .    o - melded +0 helmet "I Knew You'd Do That" {Self, Bglg} (curse)
rElec   .          Rampage  .    s - melded +2 cloak of Cremastomancy {Melee, Elem} (curse)
rCorr   +          Clarity  +    K - melded +2 pair of gloves "Share My Absolutism" {Cun, Comp} (curse)
Will    +....      NoTele   +    Y - melded +2 pair of boots of the Circumscribed Sky {Stlth+, Comp, Elem} (curse)
Stlth   +++                      (no amulet)
HPRegen 0.48/turn                r - ring of the Bound Prison {AC+4, Comp, Cun} (curse)
MPRegen 0.23/turn                w - ring of Desmomancy {rCorr, Comp, Fort} (curse)

@: lethally poisoned (-1 -> -13), tree-form
A: stationary, stasis, torment immunity, boosted hp, (nimble swimmer 2),
(mertail)
a: Renounce Religion, Curse Item, Shatter the Chains


You were on level 14 of the Dungeon.
You worshipped Ashenzari.
Ashenzari was extremely pleased with you.
You were a tree.
You visited 3 branches of the dungeon, and saw 21 of its levels.
You also visited: Sewer.

You collected 3164 gold pieces.
You spent 844 gold pieces at shops.

Inventory:

Hand Weapons
 D - the cursed +0 trident "Jealousy of Ashenzari" (weapon) {Elem, Comp}
   (You found it on level 5 of the Dungeon)

   It has a curse which improves the following skills: Elements: Fire Magic, Ice
   Magic, Air Magic and Earth Magic.
   Companions: Summonings and Necromancy.
 Z - a +2 trident of protection
Missiles
 e - 6 curare-tipped darts
 j - 58 poisoned darts (quivered)
 x - 6 silver javelins
 L - 15 boomerangs
 S - 2 throwing nets
 T - 5 javelins
Armour
 o - the cursed +0 helmet "I Knew You'd Do That" (melded) {Self, Bglg}
   (You took it off Robin on level 2 of the Dungeon)

   It has a curse which improves the following skills: Introspection: Fighting
   and Spellcasting.
   Beguiling: Conjurations, Hexes and Translocations.
 s - the cursed +2 cloak of Cremastomancy (melded) {Melee, Elem}
   (You took it off Crazy Yiuf on level 2 of the Dungeon)

   It has a curse which improves the following skills: Melee Combat: Short
   Blades, Long Blades, Axes, Maces & Flails, Polearms, Staves and Unarmed
   Combat.
   Elements:  Fire Magic, Ice Magic, Air Magic and Earth Magic.
 H - the cursed +0 buckler of Ashenzari's Hedonism (worn) {Self, Fort}
   (You found it on level 5 of the Dungeon)

   It has a curse which improves the following skills: Introspection: Fighting
   and Spellcasting.
   Fortitude: Armour and Shields.
 J - a +0 buckler of fire resistance
 K - the cursed +2 pair of gloves "Share My Absolutism" (melded) {Cun, Comp}
   (You found it on level 4 of the Lair of Beasts)

   It has a curse which improves the following skills: Cunning: Dodging and
   Stealth.
   Companions: Summonings and Necromancy.
 M - a +2 kite shield of protection
 U - the cursed +3 troll leather armour of the Stellar Oracle (melded) {Regen+, Fort, Evo}
   (You found it on level 10 of the Dungeon)

   Regen:     It increases your rate of health regeneration.
   It has a curse which improves the following skills: Fortitude: Armour and
   Shields.
   Evocations: Evocations.
 Y - the cursed +2 pair of boots of the Circumscribed Sky (melded) {Stlth+, Comp, Elem}
   (You found it on level 11 of the Dungeon)

   It has a curse which improves the following skills: Companions: Summonings
   and Necromancy.
   Elements:  Fire Magic, Ice Magic, Air Magic and Earth Magic.
Jewellery
 i - a ring of fire
 r - the cursed ring of the Bound Prison (left branch) {AC+4, Comp, Cun}
   (You found it on level 3 of the Dungeon)

   [ring of protection]

   AC:        It affects your AC (+4).
   It has a curse which improves the following skills: Companions: Summonings
   and Necromancy.
   Cunning:   Dodging and Stealth.
 w - the cursed ring of Desmomancy (right branch) {rCorr, Comp, Fort}
   (You found it on level 4 of the Dungeon)

   [ring of resist corrosion]

   rCorr:     It protects you from acid and corrosion.
   It has a curse which improves the following skills: Companions: Summonings
   and Necromancy.
   Fortitude: Armour and Shields.
 y - a +6 ring of strength
 R - a ring of flight
 X - a +4 ring of protection
Wands
 a - a wand of digging (8)
 G - a wand of paralysis (12)
 I - a wand of iceblast (8)
 O - a wand of flame (6)
 P - a wand of acid (10)
 V - a wand of polymorph (5)
Scrolls
 c - 3 scrolls of amnesia
 d - 3 scrolls of magic mapping
 l - 7 scrolls of teleportation
 m - 4 scrolls of enchant weapon
 q - 3 scrolls of immolation
 v - 4 scrolls of silence
 C - 2 scrolls of butterflies
 W - 2 scrolls of fog
Potions
 b - a potion of magic
 f - 2 potions of berserk rage
 h - a potion of haste
 k - 3 potions of ambrosia
 n - 7 potions of lignification
 p - 6 potions of invisibility
 u - 7 potions of curing
 z - 4 potions of might
 A - 4 potions of heal wounds
 B - 3 potions of cancellation
 E - 3 potions of brilliance
 F - 7 potions of flight
 N - 3 potions of mutation
 Q - 2 potions of attraction
Miscellaneous
 t - a phantom mirror


   Skills:
 - Level 6.5(8.9) Fighting
 - Level 12.2 Polearms
 - Level 6.0 Throwing
 - Level 2.0(4.5) Armour
 - Level 13.1(15.3) Dodging
 - Level 3.0(5.0) Stealth
 * Level 8.3(11.8) Shields
 - Level 10.7(13.0) Spellcasting
 - Level 1.6 Hexes
 - Level 13.7(18.2) Summonings
 + Level 4.7(8.9) Necromancy
 - Level 5.6(7.9) Air Magic
 - Level 7.6 Evocations


You had 9 spell levels left.
You knew the following spells:

 Your Spells              Type           Power      Damage    Failure   Level
a - Summon Small Mammal   Summ           100%       N/A       0%          1
b - Call Imp              Summ           72%        N/A       0%          2
c - Call Canine Familiar  Summ           72%        N/A       0%          3
d - Summon Guardian Gole  Hex/Summ       51%        N/A       1%          3
e - Summon Lightning Spi  Summ/Air       60%        N/A       1%          4
f - Summon Forest         Summ/Tloc      24%        N/A       4%          5
g - Summon Hydra          Summ           36%        N/A       3%          7
h - Airstrike             Air            22%        2d(4-20)  2%          4
i - Sublimation of Blood  Necr           48%        N/A       1%          2

Your spell library contained the following spells:

 Spells                   Type           Power      Damage    Failure   Level
 Shock                    Conj/Air       100%       1d9       1%          1
 Swiftness                Air            44%        N/A       1%          3
 Vampiric Draining        Necr           48%        2d9       1%          3
 Animate Dead             Necr           48%        N/A       1%          4
 Slow                     Hex            76%        N/A       3%          1
 Vhi's Electric Charge    Tloc/Air       56%        N/A       3%          3
 Beastly Appendage        Tmut           26%        N/A       6%          1
 Kindle Blastsparks       Fire/Tloc/Air  48%        2d14      6%          3
 Wereblood                Tmut           13%        N/A       9%          2
 Confusing Touch          Hex            19%        N/A       10%         3
 Portal Projectile        Hex/Tloc       32%        N/A       13%         3
 Ignite Poison            Fire/Tmut/Pois 13%        N/A       17%         3
 Spider Form              Tmut/Pois      13%        N/A       19%         3
 Death Channel            Necr           24%        N/A       24%         6
 Borgnjor's Vile Clutch   Necr/Erth      15%        N/A       26%         5
 Arcjolt                  Conj/Air       14%        1d24      32%         5
 Leda's Liquefaction      Hex/Erth       8%         N/A       38%         4
 Freezing Cloud           Conj/Ice/Air   12%        6-21      47%         5
 Sticky Flame             Conj/Fire      13%        2d4       50%         4
 Eringya's Noxious Bog    Tmut/Pois      6%         N/A       100%        6
 Ignition                 Fire           7%         3d4       100%        8
 Maxwell's Capacitive Co  Air            22%        ∞         100%        8


Dungeon Overview and Level Annotations

Branches:
Dungeon (14/15)            Temple (0/1) D:7            Lair (5/5) D:9
  Swamp (0/4) Lair:3       Spider (0/4) Lair:2        Slime (0/5) Lair:4
    Orc (2/2) D:12            Elf (0/3) Orc:2        Vaults (0/5) D:13
  Sewer (visited)

Altars:
Ashenzari
Cheibriados
Elyvilon
Fedhas
Hepliaklqana
Kikubaaqudgha
Makhleb
Okawaru
Qazlal
Sif Muna
Trog
Vehumet
The Shining One
Jiyva

Shops:
D:1 [   D:2 :   D:5 *   Orc:2 ([*[

Portals:
Hell: Lair:5

Annotations:
D:12 4 transporters
D:14 3 runed translucent doors, exclusion: 3 doors, Qymaymp's ghost, adept GrEE


Innate Abilities, Weirdness & Mutations

You are a tree.
Your roots penetrate the ground, keeping you stationary.
You cannot be teleported.
You are immune to unholy pain and torment.
Your maximum health is greatly increased.
Your equipment is partially melded.
((You are very nimble when in or above water. (Stealth+, EV+, Speed+++)))
((Your lower body shifts to a powerful aquatic tail in water.))


Message History

The meliai stings your eight-headed hydra!
The meliai hits your eight-headed hydra with a +0 hand axe!!
Your eight-headed hydra dies!
Your eight-headed hydra's corpse disappears in a puff of smoke!
The meliai closely misses you. You block the meliai's attack.
You feel better. The meliai closely misses you. The meliai barely misses you.
The meliai hits you but does no damage. You block the meliai's attack. x2
The meliai completely misses you.
Blink to where?
Press: ? - help, Dir - move target
As you read the scroll of blinking, it crumbles to dust.
You hear an angry buzzing noise.
The meliai rages. x2
The meliai completely misses you. The meliai misses you.
There is a stone staircase leading up here.
Okay, then.
Really quaff the potion of lignification?
You turn into a tree.
The cursed +2 cloak of Cremastomancy {Melee, Elem} melds into your body.
The cursed +0 helmet "I Knew You'd Do That" {Self, Bglg} melds into your body.
The cursed +2 pair of gloves "Share My Absolutism" {Cun, Comp} melds into your body.
The cursed +2 pair of boots of the Circumscribed Sky {Stlth+, Comp, Elem} melds into your body.
The cursed +3 troll leather armour of the Stellar Oracle {Regen+, Fort, Evo} melds into your body.
You feel less stealthy.
Your roots penetrate the ground.
The meliai rages.
You block the meliai's attack.
The meliai stings you but does no damage.
The meliai hits you with a +0 hand axe.
* * * LOW HITPOINT WARNING * * *
You block the meliai's attack. The meliai hits you with a +0 war axe.
* * * LOW HITPOINT WARNING * * *
The meliai stings you.
* * * LOW HITPOINT WARNING * * *
You are poisoned.
The meliai poisons you! The meliai hits you with a +0 hand axe!
* * * LOW HITPOINT WARNING * * *
The meliai stings you!
* * * LOW HITPOINT WARNING * * *
The meliai hits you with a +0 war axe.
You die...

* ~ *#†##....# ##....
#### ** *
≈≈##..#..#.#####.## * #
* , ,*
≈≈≈#.~~..........~# # *
,** *
~≈≈~~~~~~~~≈.~.~~≈.~ ,*
* , ,**
≈≈~~.~~≈~~~≈~~~≈~≈~ **
*, ,
*,~~≈~≈~~.~~≈.≈.≈~≈≈≈,,
, * ,
~~~~≈~~~~~≈.~~~~~~~~ ,,
*, **
..~.~~..y.~.~~#≈≈~≈ *,,
** ,
,,,,#.##..♣y...###~≈≈≈*
* ** * ** #....####..##
~~≈≈ , , * #..###*
##..# ~ * , ** # , ##y#
** ,, ,, , ..# #.##*~
** ,,* , ,
.....###y{#** * *, * ,
, *** #..§...#* * ,**,,
, , , , .........§§#**
* , ,, ,,
,,.....####...... **


You could see 2 meliai.

Vanquished Creatures
  A centaur warrior (D:13)
  A boulder beetle (D:11)
  A skyshark (Lair:4)
  A cyclops (D:13)
  4 black mambas
  A centaur skeleton (D:13)
  2 cane toads
  3 komodo dragons
  A polar bear (Lair:1)
  4 blink frogs
  A vampire (D:12)
  9 yaks
  4 steam dragons
  A warg (Orc:2)
  5 water moccasins
  A hell hound (Lair:5)
  2 nameless horrors (Lair:1)
  3 black bears
  3 ice beasts
  An orc warrior (Orc:2)
  3 wolves (Lair:1)
  A centaur (D:8)
  A phantom (D:5)
  A kobold brigand (D:12)
  2 bullfrogs
  A wight (D:9)
  A cyclops skeleton (Orc:1)
  A killer bee (D:8)
  A hound (D:5)
  A sleepcap (D:5)
  An iguana (D:5)
  4 orc wizards
  A yak simulacrum (Lair:2)
  A wolf simulacrum (Lair:2)
  3 adders
  A white imp (D:5)
  An ufetubus (D:5)
  8 orcs
  3 endoplasms
  A giant cockroach (D:4)
  4 goblins
  A hobgoblin (D:2)
  A jackal (D:2)
  3 ball pythons
  4 frilled lizards (Sewer)
  2 kobolds
  6 rats
  A river rat simulacrum (Lair:2)
108 creatures vanquished.

Vanquished Creatures (collateral kills)
  2 dire elephants (Lair:5)
  Snorg (Lair:3)
  Harold (Lair:1)
  5 hydras
  3 centaur warriors
  A hell beast (Lair:5)
  4 boulder beetles
  5 two-headed ogres
  The ghost of snackwell the Destroyer, a novice DrCj of Vehumet (D:10)
  6 death yaks
  2 tengu warriors (D:14)
  2 skysharks (Lair:5)
  Amaemon (Lair:1)
  6 skeletal warriors (D:13)
  Lodul (D:13)
  A swamp dragon (Lair:3)
  A pharaoh ant (Lair:2)
  A deep elf archer (D:13)
  4 necromancers
  3 deep elf zephyrmancers (D:13)
  A wizard (Lair:5)
  2 orc knights
  A deep elf pyromancer (D:13)
  An ugly thing (D:13)
  9 orc sorcerers (Orc:2)
  A manticore (D:12)
  A cyclops (D:14)
  5 elephants (Lair:5)
  4 black mambas
  7 cane toads
  2 orange demons
  A smoke demon (Lair:5)
  2 gargoyles
  3 centaur skeletons (D:13)
  A torpor snail (Lair:1)
  Maggie (D:6)
  A kobold demonologist (D:14)
  4 rime drakes
  3 komodo dragons
  8 trolls
  4 ice devils (Lair:5)
  2 polar bears
  A polar bear (shapeshifter) (D:13)
  A meliai (D:14)
  8 blink frogs
  A hornet (D:10)
  2 tarantellas (Lair:2)
  Prince Ribbit (D:8)
  5 dream sheep (Lair:3)
  7 slime creatures
  An ettin skeleton (Orc:1)
  A jumping spider (Lair:2)
  2 wraiths
  35 yaks
  5 basilisks
  Grum (D:8)
  A steam dragon (D:6)
  6 vampire mosquitoes (D:12)
  6 wargs
  3 hell hounds (Lair:5)
  3 acid dragons
  Duvessa (D:4)
  11 water moccasins
  11 orc warriors
  A two-headed ogre skeleton (Orc:1)
  An ice beast (D:8)
  3 black bears
  14 ogres
  6 wolves
  15 centaurs
  A phantom (D:4)
  Blork the orc (D:4)
  8 bullfrogs
  A nameless horror (Orc:2)
  9 kobold brigands
  2 cyclops zombies (Orc:1)
  A gnoll sergeant (D:12)
  7 wights
  A warg zombie (Orc:1)
  Dowan (D:4)
  7 killer bees (D:8)
  5 howler monkeys
  3 hounds
  3 jellies
  6 orc priests
  3 iron imps (D:8)
  Crazy Yiuf (D:2)
  24 orc wizards
  2 iguanas (Lair:3)
  A polar bear simulacrum (Lair:2)
  Terence (D:2)
  A statue (D:6)
  2 wolf simulacra (Lair:2)
  An ogre skeleton (Orc:1)
  Robin (D:2)
  5 gnolls
  8 adders
  3 river rats (Sewer)
  3 orc skeletons (Orc:1)
  A white imp (D:7)
  An ufetubus (D:7)
  2 orc simulacra (Orc:1)
  3 worms
  A dart slug (D:2)
  54 orcs
  3 bats
  5 endoplasms
  2 giant cockroaches
  9 goblins
  3 hobgoblins
  3 jackals (D:2)
  24 kobolds
  2 quokkas
  6 ball pythons
  5 frilled lizards
  4 rats
  5 river rat simulacra (Lair:2)
513 creatures vanquished.

Vanquished Creatures (others)
  4 yaks
  A centaur (D:5)
  A gnoll sergeant (D:5)
  A wight (D:6)
  A howler monkey (D:10)
  An orc wizard (Orc:2)
  2 orcs (D:6)
  A kobold (D:7)
  5 bushes (Lair:5)
  39 fungi
  76 plants
  7 snaplasher vines
  2 withered plants (D:10)
141 creatures vanquished.

Grand Total: 762 creatures vanquished

Notes
Turn   | Place    | Note
-------+----------+-------------------------------------------
     0 | D:1      | themarg the Merfolk Summoner began the quest for the Orb.
     0 | D:1      | Reached XP level 1. HP: 13/13 MP: 3/3
   447 | D:1      | Found Ranwaq's Antique Armour Shoppe.
   848 | D:2      | Reached XP level 2. HP: 19/19 MP: 3/5
   929 | D:2      | Learned a level 2 spell: Call Imp
  1104 | D:2      | Found a white marble altar of Elyvilon.
  1207 | D:2      | Found a runed translucent door.
  1208 | D:2      | Noticed Crazy Yiuf
  1425 | D:2      | Reached XP level 3. HP: 24/24 MP: 3/6
  1429 | D:2      | Learned a level 3 spell: Call Canine Familiar
  1648 | D:2      | Noticed Terence
  1785 | D:2      | Noticed Robin
  1794 | D:2      | Reached skill level 5 in Summonings
  2381 | D:2      | Found a white marble altar of Elyvilon.
  2543 | D:2      | Killed Robin
  2544 | D:2      | Reached XP level 4. HP: 30/30 MP: 2/7
  2985 | D:3      | Found a broken altar of Ashenzari.
  2996 | D:3      | Became a worshipper of Ashenzari the Shackled
  3183 | D:3      | Found a stormy altar of Qazlal.
  3471 | D:3      | Identified the +6 long sword "Xugh" {flame, rC+ rN+ Str+5}
  3626 | D:4      | Noticed a phantom
  3741 | D:4      | Reached XP level 5. HP: 34/35 MP: 0/8
  3936 | D:4      | Killed a phantom
  3937 | D:4      | Reached skill level 1 in Hexes
  3937 | D:4      | Reached XP level 6. HP: 41/41 MP: 2/9
  4028 | D:4      | Noticed Duvessa
  4170 | D:4      | Found a bloodstained altar of Trog.
  4246 | D:4      | Noticed Blork the orc
  4255 | D:4      | Killed Blork the orc
  4288 | D:4      | Noticed Dowan
  4342 | D:4      | Reached * piety under Ashenzari
  4668 | D:2      | Killed Terence
  4770 | D:2      | Found Renkapti's Book Shoppe.
  4775 | D:2      | Found a faded altar of an unknown god.
  5122 | D:2      | Killed Crazy Yiuf
  5294 | D:4      | Learned a level 3 spell: Summon Guardian Golem
  5295 | D:5      | Entered Level 5 of the Dungeon
  5307 | D:5      | Reached XP level 7. HP: 40/46 MP: 2/11
  5539 | D:5      | Reached ** piety under Ashenzari
  5656 | D:5      | Reached skill level 1 in Air Magic
  5726 | D:5      | Reached XP level 8. HP: 36/52 MP: 11/14
  5834 | D:5      | Identified the +1 long sword "Fiant" {antimagic, Fragile
                  | Dex+3}
  5838 | D:5      | Found a hazy altar of Hepliaklqana.
  5839 | D:5      | Found a blossoming altar of Fedhas.
  5840 | D:5      | Found a snail-covered altar of Cheibriados.
  5877 | D:5      | Found an iron altar of Okawaru.
  5877 | D:5      | Found a glowing golden altar of the Shining One.
  5877 | D:5      | Found an ancient bone altar of Kikubaaqudgha.
  5878 | D:5      | Found a shimmering blue altar of Sif Muna.
  6040 | D:5      | Found Konidi Poamu's Fire Supplies.
  6178 | D:6      | Found a glowing drain.
  6188 | D:6      | Identified the cursed +0 pair of boots of Ashenzari's
                  | Affliction {Elem, Bglg} (You found it on level 1 of the
                  | Dungeon)
  6194 | Sewer    | Entered a sewer
  6662 | Sewer    | Learned a level 4 spell: Summon Lightning Spire
  6756 | D:6      | Reached skill level 1 in Fighting
  6853 | D:6      | Noticed Maggie
  6870 | D:6      | Killed Maggie
  6871 | D:6      | Reached skill level 5 in Dodging
  7206 | D:5      | Reached XP level 9. HP: 35/68 MP: 4/16
  7342 | D:6      | Reached skill level 1 in Shields
  7607 | D:6      | Found a radiant altar of Vehumet.
  7811 | D:6      | Reached *** piety under Ashenzari
  7888 | D:6      | Reached skill level 1 in Polearms
  8186 | D:6      | Reached skill level 5 in Fighting
  8601 | D:7      | Reached skill level 5 in Polearms
  8800 | D:7      | Found a staircase to the Ecumenical Temple.
  8906 | D:7      | Reached XP level 10. HP: 79/79 MP: 12/18
  8929 | D:7      | Reached **** piety under Ashenzari
  9237 | D:8      | Noticed Grum
  9254 | D:8      | Killed Grum
  9405 | D:8      | Noticed a two-headed ogre
  9412 | D:8      | Killed a two-headed ogre
  9413 | D:8      | Reached skill level 10 in Polearms
  9630 | D:8      | Noticed Prince Ribbit
  9734 | D:8      | Killed Prince Ribbit
  9816 | D:8      | Found a burning altar of Makhleb.
 10368 | D:9      | Reached skill level 1 in Throwing
 10368 | D:9      | Reached skill level 1 in Evocations
 10469 | D:9      | Reached XP level 11. HP: 53/87 MP: 8/20
 10624 | D:9      | Found a staircase to the Lair.
 10825 | D:9      | Identified a scroll of acquirement
 11280 | D:9      | Upgraded the game from 0.30-a0-847-g17996783a1 to
                  | 0.30-a0-852-g08b95dd62f
 11419 | D:2      | Bought a book of Blood for 308 gold pieces
 11534 | D:10     | Entered Level 10 of the Dungeon
 11729 | D:10     | Noticed a two-headed ogre
 11739 | D:10     | Killed a two-headed ogre
 11963 | D:10     | Noticed a two-headed ogre
 11974 | D:10     | Killed a two-headed ogre
 11975 | D:10     | Reached skill level 5 in Throwing
 11975 | D:10     | Reached skill level 5 in Evocations
 12025 | D:10     | Found a runed translucent door.
 12025 | D:10     | Noticed snackwell's ghost (novice DrCj)
 12170 | D:10     | Reached ***** piety under Ashenzari
 12578 | D:11     | Noticed a boulder beetle
 12593 | D:11     | Killed a boulder beetle
 12594 | D:11     | Reached skill level 10 in Summonings
 12862 | D:11     | Noticed a two-headed ogre
 12872 | D:11     | Killed a two-headed ogre
 13066 | D:11     | Acquired a Fen Folio
 13074 | D:11     | Learned a level 5 spell: Summon Forest
 13649 | Lair:1   | Entered Level 1 of the Lair of Beasts
 14011 | Lair:1   | Reached XP level 12. HP: 85/94 MP: 15/23
 14070 | Lair:1   | Reached skill level 5 in Spellcasting
 14186 | Lair:1   | Noticed Amaemon
 14195 | Lair:1   | Noticed Harold
 14356 | Lair:1   | Noticed a boulder beetle
 14369 | Lair:1   | Killed a boulder beetle
 14535 | Lair:1   | Killed Amaemon
 14827 | Lair:1   | Killed Harold
 16797 | Lair:2   | Learned a level 7 spell: Summon Hydra
 17063 | Lair:2   | Identified the cursed +2 pair of boots of the Circumscribed
                  | Sky {Stlth+, Comp, Elem} (You found it on level 11 of the
                  | Dungeon)
 17166 | Lair:2   | Reached XP level 13. HP: 83/100 MP: 3/27
 17186 | Lair:2   | Reached skill level 5 in Air Magic
 17327 | Lair:2   | Found a hole to the Spider Nest.
 17935 | Lair:2   | Learned a level 4 spell: Airstrike
 17979 | Lair:3   | Reached skill level 1 in Armour
 18085 | Lair:3   | Noticed Snorg
 18091 | Lair:3   | Killed Snorg
 18688 | Lair:3   | Found a staircase to the Swamp.
 19526 | Lair:4   | Found a viscous altar of Jiyva.
 19526 | Lair:4   | Found a staircase to the Slime Pits.
 19694 | Lair:4   | Reached skill level 10 in Dodging
 20213 | Lair:5   | Entered Level 5 of the Lair of Beasts
 20930 | Lair:4   | Found a staircase to the Slime Pits.
 20930 | Lair:4   | Found a viscous altar of Jiyva.
 21789 | Lair:5   | Reached XP level 14. HP: 100/108 MP: 1/28
 22135 | Lair:5   | Reached skill level 1 in Necromancy
 23078 | Lair:5   | Learned a level 2 spell: Sublimation of Blood
 23547 | Lair:5   | Noticed a dire elephant
 23566 | Lair:5   | Killed a dire elephant
 23754 | Lair:5   | Noticed a dire elephant
 23779 | Lair:5   | Killed a dire elephant
 24684 | Lair:5   | Found a burning altar of Makhleb.
 24855 | Lair:5   | Found a gateway to Hell.
 24855 | Lair:5   | Identified the +1 leather armour of the King of the Hill
                  | {Harm rF+ Str+3}
 26064 | D:6      | Found a radiant altar of Vehumet.
 26267 | D:4      | Killed Dowan
 26279 | D:4      | Killed Duvessa
 26733 | D:10     | Killed snackwell's ghost
 26877 | D:12     | Found a transporter.
 26881 | D:12     | Found a transporter.
 26945 | D:12     | Found a transporter.
 27221 | D:12     | Found a staircase to the Orcish Mines.
 27459 | D:12     | Reached skill level 10 in Spellcasting
 27735 | D:12     | Found a transporter.
 28685 | Orc:1    | Entered Level 1 of the Orcish Mines
 29701 | Orc:2    | Entered Level 2 of the Orcish Mines
 29883 | Orc:2    | Reached XP level 15. HP: 70/115 MP: 3/33
 30500 | Orc:2    | Found Bigannu's Antique Armour Emporium.
 30500 | Orc:2    | Found Diohicoi's Weapon Boutique.
 30700 | Orc:2    | Reached skill level 5 in Shields
 30738 | Orc:2    | Paralysed by an orc sorcerer for 5 turns
 30938 | Orc:2    | Found a staircase to the Elven Halls.
 31382 | Orc:2    | Found Kearhaxo's Armour Emporium.
 31382 | Orc:2    | Found Ajiar's General Store.
 31621 | Orc:2    | Bought a potion of lignification for 42 gold pieces
 31621 | Orc:2    | Bought a potion of might for 56 gold pieces
 31621 | Orc:2    | Bought a potion of curing for 42 gold pieces
 31909 | D:2      | Bought a book of Unlife for 396 gold pieces
 32137 | D:13     | Noticed Lodul
 32163 | D:13     | Killed Lodul
 32662 | D:13     | Identified the +1 chain mail of Bellicose Freedom {rElec
                  | MP+9}
 34058 | D:13     | Found a gate to the Vaults.
 34595 | D:14     | Found a runed translucent gate.
 34595 | D:14     | Found a runed translucent gate.
 34595 | D:14     | Found a runed translucent gate.
 34595 | D:14     | Noticed Qymaymp's ghost (adept GrEE)
 34887 | D:14     | HP: 2/168 [meliai/+0 hand axe (11)]
 34887 | D:14     | Slain by a meliai

Illustrated notes

Levels and vault maps discovered:
D:1:      sevenhm_arrival_forest_fort_small_3, layout_basic, serial_shops, shop
D:2:      layout_loops_corners, shapermc_ecumenical_altar_mp_urbaneastern,
          basic_altar, serial_shops, shop, uniq_terence, uniq_robin,
          uniq_crazy_yiuf_cottage
D:3:      layout_loops_ring, evilmike_ruin_ashenzari, mainiacjoe_overflow_paths,
          chequers_jeans
D:4:      layout_basic, mainiacjoe_overflow_brackets, uniq_duvessa,
          uniq_blork_the_orc
D:5:      nicolae_cairo_tiling_large_dashed, layout_rooms,
          grunt_temple_overflow_open, nicolae_shop_fire_sale
          [nicolae_sub_dead_trees]
D:6:      layout_basic, vehumet_statue, cheibrodos_sewer_entry_drain,
          uniq_maggie
D:7:      layout_basic, minmay_temple_entry_overgrown
D:8:      layout_rooms, demons_altar, uniq_grum, uniq_prince_ribbit1
D:9:      layout_irregular_city, david_lair_shrubbed
D:10:     layout_cave_pools, gammafunk_ghost_grave,
          amcnicky_mini_rare_corridor_liquid
D:11:     layout_grid_maze, hangedman_decor_slide_cut, kennysheep_generic_room_6
D:12:     layout_loops_cross, kennysheep_orc_monster_closet_entryway,
          nicolae_transporter_circle
D:13:     layout_basic, hangedman_vaults_entry_quadrant_bands, uniq_lodul
D:14:     layout_rooms, chequers_serial_rivers_large_a,
          gammafunk_ghost_spectres, nrook_loot_triangle
Lair:1:   layout_chaotic_city, hibernation_bobbens, uniq_amaemon, uniq_harold
Lair:2:   wad_woods_pond, layout_regular_city,
          nicolae_spider_entry_lesser_pyramids, eino_house_with_fridge,
          lemuel_fruit_tree
Lair:3:   layout_misc_corridors, minmay_swamp_entry_reptiles, uniq_snorg
Lair:4:   layout_misc_corridors, nicolae_slime_entry_slimehenge,
          lemuel_fruit_fields
Lair:5:   evil_forest, layout_layer_cave, columned_hall_lemuel,
          lemuel_fruit_fields, infiniplex_staircase_pool
Orc:1:    dreamdust_under_siege, layout_diamond_mine
Orc:2:    st_orc_town, layout_diamond_mine

Skill      XL: |  1  2  3  4  5  6  7  8  9 10 11 12 13 14 15 |
---------------+----------------------------------------------+-----
Stealth        | 3 |  3.0
Summonings     | 5 6 7 8 9 11 13 | 13.7
Hexes          | 1 |  1.6
Spellcasting   | 3 4 7 10 | 10.7
Air Magic      | 1 2 4 5 |  5.6
Fighting       | 4 5 6 |  6.5
Dodging        | 5 6 7 12 13 | 13.1
Shields        | 3 4 8 |  8.3
Polearms       | 7 12 | 12.2
Throwing       | 2 6 |  6.0
Evocations     | 2 5 6 7 |  7.6
Armour         | 2 |  2.0
Necromancy     | 3 4 |  4.7

Action                     |  1- 3 |  4- 6 |  7- 9 | 10-12 | 13-15 || total
---------------------------+-------+-------+-------+-------+-------++-------
  Melee: Dagger            |    22 |    10 |       |       |       ||    32
         Unarmed           |     1 |       |       |       |       ||     1
         Long sword        |       |    20 |    20 |       |       ||    40
         Trident           |       |       |   111 |   309 |   362 ||   782
         Tailslap          |       |       |       |     4 |       ||     4
  Throw: Dart              |       |       |       |    27 |     6 ||    33
   Cast: Summon Small Mamm |    34 |    13 |     2 |       |       ||    49
         Call Imp          |    11 |    18 |    16 |     5 |       ||    50
         Call Canine Famil |     1 |    15 |    28 |    52 |    28 ||   124
         Summon Guardian G |       |       |     8 |     5 |       ||    13
         Summon Lightning  |       |       |    14 |    66 |    32 ||   112
         Summon Forest     |       |       |       |    10 |    20 ||    30
         Summon Hydra      |       |       |       |     2 |   232 ||   234
         Airstrike         |       |       |       |       |    10 ||    10
         Sublimation of Bl |       |       |       |       |    10 ||    10
 Invoke: Curse Item        |       |     2 |     3 |     4 |     2 ||    11
         Shatter the Chain |       |       |       |     1 |     1 ||     2
  Evoke: Wand              |       |       |       |       |     1 ||     1
         Phantom mirror    |       |       |       |       |     1 ||     1
    Use: Scroll            |       |     5 |       |     2 |     8 ||    15
         Potion            |       |       |       |       |     4 ||     4
   Stab: Sleeping          |     1 |     1 |     6 |     2 |       ||    10
         Distracted        |       |       |     2 |    11 |    14 ||    27
 Armour: Robe              |     5 |    19 |    18 |    46 |    23 ||   111
         Troll leather arm |       |       |       |       |    77 ||    77
         Skin              |       |       |       |       |     1 ||     1
  Dodge: Dodged            |    17 |    39 |    55 |   163 |   195 ||   469
  Block: Buckler           |       |       |       |    63 |    88 ||   151

Table legend: (Time is in decaauts)
 A = Elapsed time spent in this place.
 B = Non-inter-level travel time spent in this place.
 C = Inter-level travel time spent in this place.
 D = Time resting spent in this place.
 E = Time spent auto-exploring this place.
 F = Levels seen in this place.
 G = Mean time per level.
                   A        B        C        D        E       F      G
               +--------+--------+--------+--------+--------+-----+--------+
         Total |  34628 |  32168 |   2460 |   4762 |  22577 |  22 | 1574.0 |
       Dungeon |  19772 |  17719 |   2053 |   1406 |  13681 |  14 | 1412.3 |
          Lair |  11417 |  11140 |    277 |   2556 |   6952 |   5 | 2283.4 |
  Orcish Mines |   2973 |   2844 |    129 |    800 |   1649 |   2 | 1486.5 |
         Sewer |    465 |    465 |      0 |      0 |    294 |   1 |  465.0 |
               +--------+--------+--------+--------+--------+-----+--------+

Top non-repeatable levels by time:
  Lair:5: 3284 daAuts
     D:6: 2832 daAuts
  Lair:1: 2745 daAuts
     D:2: 2742 daAuts
  Lair:4: 2529 daAuts
    D:13: 1991 daAuts
   Orc:2: 1921 daAuts
    D:12: 1795 daAuts
  Lair:2: 1490 daAuts
     D:9: 1426 daAuts
  Lair:3: 1367 daAuts
     D:4: 1301 daAuts
    D:11: 1204 daAuts
     D:8: 1108 daAuts
    D:10: 1053 daAuts
